TOP OF THE 1ST |
Cincinnati (NYP) Reds batting - Pitching for Auburn Doubledays : RHP Josh Wellman
|
Pitching: RHP Josh Wellman
|
|
Batting: RHB Jon Marquez
|
0-0: Called Strike 0-1: Swinging Strike 0-2: Ball 1-2: Foul Ball, location: 2F 1-2: Ball 2-2: Fly out, F9 (Flyball, 9LM, EV 93.1 MPH)
|
Batting: LHB Jason Pirkle
|
0-0: Called Strike 0-1: Ball 1-1: Ball 2-1: Fly out, F4 (Line Drive, 4, EV 74.4 MPH)
|
Batting: RHB David Clough
|
0-0: Ball 1-0: Ball 2-0: Called Strike 2-1: Foul Ball, location: 2F 2-2: Foul Ball, location: 2F 2-2: Foul Ball, location: 2F 2-2: Foul Ball, location: 2F 2-2: Ball 3-2: Foul Ball, location: 2F 3-2: Foul Ball, location: 2F 3-2: Foul Ball, location: 2F 3-2: Fly out, F2 (Popup, 3SF, EV 76.9 MPH)
|
Top of the 1st over - 0 runs, 0 hits, 0 errors, 0 left on base; Cincinnati (NYP) 0 - Auburn 0 |
BOTTOM OF THE 1ST |
Auburn Doubledays batting - Pitching for Cincinnati (NYP) Reds : LHP Brett Grijalva
|
Pitching: LHP Brett Grijalva
|
|
Batting: LHB Yasuo Igarashi
|
0-0: Called Strike 0-1: Ground out 4-3 (Groundball, 34, EV 84.4 MPH)
|
Batting: LHB John Holst
|
0-0: Called Strike 0-1: Foul Ball, location: 2F 0-2: Strikes out looking
|
Batting: RHB Tylor Cyr
|
0-0: Called Strike 0-1: Ball 1-1: Ground out 5-3 (Groundball, 5, EV 109.4 MPH)
|
Bottom of the 1st over - 0 runs, 0 hits, 0 errors, 0 left on base; Cincinnati (NYP) 0 - Auburn 0 |
TOP OF THE 2ND |
Cincinnati (NYP) Reds batting - Pitching for Auburn Doubledays : RHP Josh Wellman
|
Batting: LHB Brian Dickeson
|
0-0: Ball 1-0: Ball 2-0: Foul Ball, location: 2F 2-1: Ball 3-1: Swinging Strike 3-2: Foul Ball, location: 2F 3-2: Strikes out swinging
|
Batting: SHB Kristian Kristensen
|
0-0: Ground out 6-3 (Groundball, 6, EV 90.0 MPH)
|
Batting: SHB Cesar Pelayo
|
0-0: Called Strike 0-1: Ball 1-1: Foul Ball, location: 2F 1-2: Strikes out swinging
|
Top of the 2nd over - 0 runs, 0 hits, 0 errors, 0 left on base; Cincinnati (NYP) 0 - Auburn 0 |
BOTTOM OF THE 2ND |
Auburn Doubledays batting - Pitching for Cincinnati (NYP) Reds : LHP Brett Grijalva
|
Batting: RHB Leo Gutierrez
|
0-0: Called Strike 0-1: Called Strike 0-2: Foul Ball, location: 2F 0-2: Ground out U3 (Groundball, 34, EV 85.0 MPH)
|
Batting: RHB Steve Bauman
|
0-0: Ball 1-0: Ground out 4-3 (Groundball, 4M, EV 99.4 MPH)
|
Batting: RHB Er Le
|
0-0: Ball 1-0: Ball 2-0: Ball 3-0: Called Strike 3-1: Called Strike 3-2: Base on Balls
|
Batting: LHB Vince McLane
|
0-0: Called Strike 0-1: Swinging Strike 0-2: Ball 1-2: Foul Ball, location: 2F 1-2: Strikes out looking
|
Bottom of the 2nd over - 0 runs, 0 hits, 0 errors, 1 left on base; Cincinnati (NYP) 0 - Auburn 0 |
TOP OF THE 3RD |
Cincinnati (NYP) Reds batting - Pitching for Auburn Doubledays : RHP Josh Wellman
|
Batting: RHB Tim Walter
|
0-0: Ball 1-0: Reached via error on a dropped throw from 1B, E1 (Groundball, 34, EV 84.4 MPH)
|
Batting: LHB Akira Yamano
|
0-0: Ball 1-0: DOUBLE (Line Drive, 5D, EV 102.5 MPH) Tim Walter to third Runner from 3rd tries for Home, SAFE, throw by LF to home
|
Batting: RHB Cyd Carver
|
0-0: Ball Wild Pitch! Akira Yamano to third 1-0: Foul Ball, location: 2F 1-1: Foul Ball, location: 2F 1-2: Strikes out swinging
|
Batting: RHB Jon Marquez
|
0-0: Called Strike 0-1: Ball 1-1: Foul Ball, location: 2F 1-2: Ground out 4-3 (Groundball, 4, EV 83.8 MPH) Akira Yamano scores
|
Batting: LHB Jason Pirkle
|
0-0: Called Strike 0-1: Hit by Pitch
|
Batting: RHB David Clough
|
0-0: Called Strike 0-1: Ball 1-1: Swinging Strike 1-2: Strikes out looking
|
Top of the 3rd over - 2 runs, 1 hit, 1 error, 1 left on base; Cincinnati (NYP) 2 - Auburn 0 |
BOTTOM OF THE 3RD |
Auburn Doubledays batting - Pitching for Cincinnati (NYP) Reds : LHP Brett Grijalva
|
Batting: LHB Adam Jacobs
|
0-0: Called Strike 0-1: Ball 1-1: Ground out 4-3 (Groundball, 4, EV 113.1 MPH)
|
Batting: LHB Adam Lancaster
|
0-0: Foul Ball, location: 2F 0-1: Ground out U3 (Groundball, 3, EV 80.6 MPH)
|
Batting: LHB Yasuo Igarashi
|
0-0: Ball 1-0: Ball 2-0: Reached on error, E4 (Groundball, 4, EV 86.9 MPH)
|
Batting: LHB John Holst
|
0-0: Swinging Strike 0-1: Foul Ball, location: 2F 0-2: Foul Ball, location: 2F 0-2: Ground out 3-1 (Groundball, 34, EV 81.9 MPH)
|
Bottom of the 3rd over - 0 runs, 0 hits, 1 error, 1 left on base; Cincinnati (NYP) 2 - Auburn 0 |
TOP OF THE 4TH |
Cincinnati (NYP) Reds batting - Pitching for Auburn Doubledays : RHP Josh Wellman
|
Batting: LHB Brian Dickeson
|
0-0: Ball 1-0: Ball 2-0: Ball 3-0: Base on Balls
|
Batting: SHB Kristian Kristensen
|
0-0: Ball 1-0: Ball 2-0: Ball 3-0: Called Strike 3-1: Foul Ball, location: 2F 3-2: Foul Ball, location: 2F 3-2: Fly out, F9 (Flyball, 89M, EV 91.9 MPH)
|
Batting: SHB Cesar Pelayo
|
0-0: Called Strike 0-1: Foul Ball, location: 2F 0-2: Strikes out swinging
|
Batting: RHB Tim Walter
|
0-0: Foul Ball, location: 2F 0-1: Foul Ball, location: 2F 0-2: Strikes out swinging
|
Top of the 4th over - 0 runs, 0 hits, 0 errors, 1 left on base; Cincinnati (NYP) 2 - Auburn 0 |
BOTTOM OF THE 4TH |
Auburn Doubledays batting - Pitching for Cincinnati (NYP) Reds : LHP Brett Grijalva
|
Batting: RHB Tylor Cyr
|
0-0: Foul Ball, location: 2F 0-1: Ground out 6-3 (Groundball, 6MD, EV 101.2 MPH)
|
Batting: RHB Leo Gutierrez
|
0-0: Ball 1-0: Ball 2-0: Ball 3-0: Called Strike 3-1: Base on Balls
|
Batting: RHB Steve Bauman
|
0-0: Ball 1-0: Called Strike Leo Gutierrez is caught stealing 2nd base 2-4 1-1: Ball 2-1: Ball 3-1: Foul Ball, location: 2F 3-2: Strikes out swinging, 2-3 out at first.
|
Bottom of the 4th over - 0 runs, 0 hits, 0 errors, 0 left on base; Cincinnati (NYP) 2 - Auburn 0 |
TOP OF THE 5TH |
Cincinnati (NYP) Reds batting - Pitching for Auburn Doubledays : RHP Josh Wellman
|
Batting: LHB Akira Yamano
|
0-0: SINGLE (Groundball, 34D, EV 96.2 MPH)
|
Batting: RHB Cyd Carver
|
0-0: Ball 1-0: Ball 2-0: Ball 3-0: Called Strike 3-1: Called Strike 3-2: Base on Balls Akira Yamano to second
|
Batting: RHB Jon Marquez
|
0-0: Ball 1-0: Foul Ball, location: 2F 1-1: Swinging Strike 1-2: Ball 2-2: Ball 3-2: Foul Ball, location: 2F 3-2: Foul Ball, location: 2F 3-2: Foul Ball, location: 2F 3-2: Strikes out swinging
|
Pitching: RHP Tim Schultz
|
|
Batting: LHB Jason Pirkle
|
0-0: Ball 1-0: Ball 2-0: DOUBLE (Groundball, 3L, EV 100.0 MPH) Akira Yamano scores Cyd Carver to third Runner from 3rd tries for Home, SAFE, throw by RF to trailing runner, SAFE at third!
|
Batting: RHB David Clough
|
0-0: Foul Ball, location: 2F 0-1: Ball 1-1: Foul Ball, location: 2F 1-2: Strikes out swinging
|
Batting: LHB Brian Dickeson
|
0-0: Ball 1-0: Swinging Strike 1-1: Ball 2-1: Swinging Strike 2-2: Strikes out swinging
|
Top of the 5th over - 2 runs, 2 hits, 0 errors, 1 left on base; Cincinnati (NYP) 4 - Auburn 0 |
BOTTOM OF THE 5TH |
Auburn Doubledays batting - Pitching for Cincinnati (NYP) Reds : LHP Brett Grijalva
|
Batting: RHB Er Le
|
0-0: Ball 1-0: Ball 2-0: Called Strike 2-1: Ball 3-1: Foul Ball, location: 2F 3-2: Strikes out looking
|
Batting: LHB Vince McLane
|
0-0: Ball 1-0: Ground out 4-3 (Groundball, 4MS, EV 85.6 MPH)
|
Batting: LHB Adam Jacobs
|
0-0: Called Strike 0-1: Ground out 4-3 (Groundball, 4, EV 79.4 MPH)
|
Bottom of the 5th over - 0 runs, 0 hits, 0 errors, 0 left on base; Cincinnati (NYP) 4 - Auburn 0 |
TOP OF THE 6TH |
Cincinnati (NYP) Reds batting - Pitching for Auburn Doubledays : RHP Tim Schultz
|
Batting: SHB Kristian Kristensen
|
0-0: SINGLE (Groundball, 56, EV 103.1 MPH) (infield hit)
|
Batting: SHB Cesar Pelayo
|
0-0: Called Strike 0-1: Ball 1-1: Called Strike 1-2: Foul Ball, location: 2F 1-2: Foul Ball, location: 2F 1-2: Strikes out looking
|
Batting: RHB Tim Walter
|
0-0: Called Strike Kristian Kristensen steals 2nd base 0-1: Ground out 6-3 (Groundball, 6, EV 86.2 MPH)
|
Batting: LHB Akira Yamano
|
0-0: Called Strike Balk! Kristian Kristensen to third 0-1: Ground out 4-3 (Groundball, 4, EV 106.2 MPH)
|
Top of the 6th over - 0 runs, 1 hit, 0 errors, 1 left on base; Cincinnati (NYP) 4 - Auburn 0 |
BOTTOM OF THE 6TH |
Auburn Doubledays batting - Pitching for Cincinnati (NYP) Reds : LHP Brett Grijalva
|
Batting: LHB Adam Lancaster
|
0-0: Called Strike 0-1: Ball 1-1: Ball 2-1: SINGLE (Line Drive, 78S, EV 102.5 MPH)
|
Batting: LHB Yasuo Igarashi
|
0-0: Fly out, F8 (Flyball, 8RD, EV 110.0 MPH)
|
Batting: LHB John Holst
|
Pickoff Throw to First - Out! 1-3 0-0: Foul Ball, location: 2F 0-1: Foul Ball, location: 2F 0-2: Strikes out swinging
|
Bottom of the 6th over - 0 runs, 1 hit, 0 errors, 0 left on base; Cincinnati (NYP) 4 - Auburn 0 |
TOP OF THE 7TH |
Cincinnati (NYP) Reds batting - Pitching for Auburn Doubledays : RHP Tim Schultz
|
Batting: RHB Cyd Carver
|
0-0: Swinging Strike 0-1: Ball 1-1: Foul Ball, location: 2F 1-2: Hit by Pitch
|
Batting: RHB Jon Marquez
|
0-0: Ball 1-0: Foul Ball, location: 2F 1-1: Called Strike Cyd Carver is caught stealing 2nd base 2-4 1-2: Strikes out swinging
|
Batting: LHB Jason Pirkle
|
0-0: Fly out, F8 (Line Drive, 8LD, EV 88.8 MPH)
|
Top of the 7th over - 0 runs, 0 hits, 0 errors, 0 left on base; Cincinnati (NYP) 4 - Auburn 0 |
BOTTOM OF THE 7TH |
Auburn Doubledays batting - Pitching for Cincinnati (NYP) Reds : LHP Brett Grijalva
|
Batting: RHB Tylor Cyr
|
0-0: Fly out, F9 (Flyball, 89D, EV 82.5 MPH)
|
Batting: RHB Leo Gutierrez
|
0-0: Ball 1-0: Ball 2-0: Ball 3-0: Called Strike 3-1: Called Strike 3-2: Foul Ball, location: 2F 3-2: SINGLE (Groundball, 4MD, EV 100.6 MPH)
|
Batting: RHB Steve Bauman
|
0-0: Ball 1-0: Ball 2-0: Foul Ball, location: 2F 2-1: Swinging Strike 2-2: Ball 3-2: Base on Balls Leo Gutierrez to second
|
Batting: RHB Er Le
|
0-0: Ball 1-0: Ball 2-0: Called Strike 2-1: Foul Ball, location: 2F 2-2: Foul Ball, location: 2F 2-2: Ball 3-2: Foul Ball, location: 2F 3-2: Foul Ball, location: 2F 3-2: Base on Balls Leo Gutierrez to third Steve Bauman to second
|
Pinch Hitting: RHB Scott Skoglund
|
0-0: Swinging Strike 0-1: Swinging Strike 0-2: Ball 1-2: Foul Ball, location: 2F 1-2: Strikes out swinging
|
Pinch Hitting: RHB Jessie Fisher
|
0-0: Foul Ball, location: 2F 0-1: Ball 1-1: Swinging Strike 1-2: Foul Ball, location: 2F 1-2: Foul Ball, location: 2F 1-2: Foul Ball, location: 2F 1-2: Strikes out swinging
|
Bottom of the 7th over - 0 runs, 1 hit, 0 errors, 3 left on base; Cincinnati (NYP) 4 - Auburn 0 |
TOP OF THE 8TH |
Cincinnati (NYP) Reds batting - Pitching for Auburn Doubledays : RHP Tim Schultz
|
Now at 3B: John Gibbs
|
|
Now in LF: Leo Gutierrez
|
|
Now in CF: Scott Skoglund
|
|
Batting: RHB David Clough
|
0-0: Called Strike 0-1: Swinging Strike 0-2: Ball 1-2: Foul Ball, location: 2F 1-2: Foul Ball, location: 2F 1-2: Ball 2-2: Ball 3-2: Strikes out swinging
|
Batting: LHB Brian Dickeson
|
0-0: Ball 1-0: Ground out 5-3 (Groundball, 5, EV 85.6 MPH)
|
Batting: SHB Kristian Kristensen
|
0-0: Ball 1-0: Called Strike 1-1: Ball 2-1: Ball 3-1: Ground out 6-3 (Groundball, 6M, EV 85.6 MPH)
|
Top of the 8th over - 0 runs, 0 hits, 0 errors, 0 left on base; Cincinnati (NYP) 4 - Auburn 0 |
BOTTOM OF THE 8TH |
Auburn Doubledays batting - Pitching for Cincinnati (NYP) Reds : LHP Brett Grijalva
|
Batting: LHB Adam Lancaster
|
0-0: Called Strike 0-1: Ball 1-1: Ball 2-1: Ball 3-1: Base on Balls
|
Pitching: RHP Chris Miles
|
|
Batting: LHB Yasuo Igarashi
|
0-0: Called Strike 0-1: Called Strike 0-2: Ball 1-2: Hit by Pitch Adam Lancaster to second
|
Batting: LHB John Holst
|
0-0: Ball 1-0: Ball 2-0: DOUBLE (Flyball, 8RXD, EV 99.4 MPH) Adam Lancaster scores Yasuo Igarashi to third
|
Batting: RHB Tylor Cyr
|
0-0: Called Strike 0-1: Ball 1-1: Foul Ball, location: 2F 1-2: Ball 2-2: Fly out, F7 (Flyball, 78M, EV 88.8 MPH)
|
Batting: RHB Leo Gutierrez
|
0-0: Ball Wild Pitch! Yasuo Igarashi scores John Holst to third 1-0: Foul Ball, location: 2F 1-1: Fly out, F7 (Flyball, 78M, EV 80.6 MPH) Runner from 3rd tags up, OUT at HOME! 7-2
|
Bottom of the 8th over - 2 runs, 1 hit, 0 errors, 0 left on base; Cincinnati (NYP) 4 - Auburn 2 |
TOP OF THE 9TH |
Cincinnati (NYP) Reds batting - Pitching for Auburn Doubledays : RHP Tim Schultz
|
Pitching: RHP Chris Lawrence
|
|
Batting: SHB Cesar Pelayo
|
0-0: Ball 1-0: Foul Ball, location: 2F 1-1: Foul Ball, location: 2F 1-2: Foul Ball, location: 2F 1-2: Strikes out swinging
|
Batting: RHB Tim Walter
|
0-0: Ball 1-0: Ball 2-0: Fly out, F8 (Flyball, 8RD, EV 101.2 MPH)
|
Batting: LHB Akira Yamano
|
0-0: Called Strike 0-1: Ball 1-1: Foul Ball, location: 2F 1-2: Hit by Pitch
|
Batting: RHB Cyd Carver
|
0-0: Ball 1-0: Called Strike 1-1: Called Strike 1-2: Foul Ball, location: 2F 1-2: Strikes out swinging
|
Top of the 9th over - 0 runs, 0 hits, 0 errors, 1 left on base; Cincinnati (NYP) 4 - Auburn 2 |
BOTTOM OF THE 9TH |
Auburn Doubledays batting - Pitching for Cincinnati (NYP) Reds : RHP Chris Miles
|
Pitching: RHP Calisto Morda
|
|
Now at 1B: Ben Hinman
|
|
Now in RF: R.J. Romberg
|
|
Batting: RHB Steve Bauman
|
0-0: Ground out 6-3 (Groundball, 6, EV 79.4 MPH)
|
Batting: RHB Er Le
|
0-0: Swinging Strike 0-1: Swinging Strike 0-2: Ball 1-2: Ball 2-2: Foul Ball, location: 2F 2-2: Strikes out swinging
|
Pinch Hitting: LHB Elias Posada
|
0-0: Ground out 5-3 (Groundball, 56, EV 94.4 MPH)
|
Bottom of the 9th over - 0 runs, 0 hits, 0 errors, 0 left on base; Cincinnati (NYP) 4 - Auburn 2 |
|